 Dungeon Crawl Stone Soup version 0.31-a0-164-g2312942fda (webtiles) character file.

Game seed: 12688968090746347550

37 qw the Shooter (level 3, -1/32 HPs)
             Began as a Naga Hunter on June 13, 2023.
             Slain by an orc wizard
             ... wielding a +0 dagger
              (2 damage)
             ... on level 2 of the Dungeon.
             The game lasted 00:00:19 (861 turns).

qw the Shooter (Naga Hunter)                         Turns: 861, Time: 00:00:20

Health: -1/32      AC:  2    Str: 13    XL:     3   Next: 39%
Magic:  3/3        EV:  9    Int:  9    God:
Gold:   20         SH:  5    Dex: 16    Spells: 2/2 levels left

rFire   . . .        Y - +0 shortbow
rCold   . . .        (shield currently unavailable)
rNeg    . . .        c - +0 leather armour
rPois   +            (no helmet)
rElec   .            (no cloak)
rCorr   .            (no gloves)
SInv    +            (no barding)
Will    .....        f - amulet of reflection
Stlth   ++           (no ring)
HPRegen 0.25/turn    (no ring)
MPRegen 0.08/turn

%: reflection
@: short of breath, very slow
A: AC +1, large, see invisible, deformed body, poison resistance, slowness 2,
spit poison 1, naga tail 1
a: Spit Poison


You were on level 2 of the Dungeon.
You visited 1 branch of the dungeon, and saw 2 of its levels.

You collected 20 gold pieces.


Innate Abilities, Weirdness & Mutations

Your serpentine skin is tough. (AC +1)
You have supernaturally acute eyesight. (SInv)
Armour fits poorly on your strangely shaped body.
Your system is resistant to poisons. (rPois)
You cover ground very slowly.
You can spit poison.
You have a snake-like lower body.


   Skills:
 - Level 2.0 Fighting
 + Level 4.6 Ranged Weapons
 - Level 1.5 Dodging
 - Level 1.5 Stealth


You had 2 spell levels left.
You didn't know any spells.
Your spell library was empty.

Inventory:

Hand Weapons
 Y - a +0 shortbow (weapon)
Armour
 c - a +0 leather armour (worn)
Jewellery
 f - an amulet of reflection (around neck)
Scrolls
 e - a scroll of identify

Dungeon Overview and Level Annotations

Branches:
Dungeon (2/15)

Altars:


Message History

The orc wizard gestures at you while chanting.
You resist with some effort.
You feel less confused.
The orc wizard hits you with a +0 dagger.
853 ||| INVOKING Spit Poison.
Aiming: Spit Poison (2% risk of failure)
Press: ? - help, Shift-Dir - straight line, f/p - orc wizard The splash of poison misses the orc wizard.
The orc wizard hits you with a +0 dagger.
You shoot an arrow.
The arrow closely misses the orc wizard.
The orc wizard hits you but does no damage.
You shoot an arrow. The arrow hits the orc wizard.
The orc wizard is heavily wounded.
The orc wizard hits you with a +0 dagger.
You shoot an arrow.
The arrow hits the orc wizard but does no damage.
The orc wizard is heavily wounded.
You block the orc wizard's attack.
You shoot an arrow.
The arrow closely misses the orc wizard.
The orc wizard closely misses you.
You shoot an arrow. The arrow barely misses the orc wizard.
You have got your breath back.
You block the orc wizard's attack. The orc wizard casts a spell at you.
The magic dart hits you!
859 ||| INVOKING Spit Poison.
Aiming: Spit Poison (2% risk of failure)
Press: ? - help, Shift-Dir - straight line, f/p - orc wizard The splash of poison misses the orc wizard.
The orc wizard hits you with a +0 dagger.
You shoot an arrow.
The arrow hits the orc wizard but does no damage.
The orc wizard is moderately wounded.
The orc wizard hits you with a +0 dagger.
You shoot an arrow.
The arrow closely misses the orc wizard.
The orc wizard hits you with a +0 dagger.
You die...

## #.# .. #.. #.
#.# #. #.# #. #.#
#. #.# #.##.#
#o@).# .
.)%...###.#####....
.####.###........#
.........####....
.##.####.# #....
##.##.....
#....#...#
#.......>#
#.#####...


You could see an orc wizard (invisible).

Vanquished Creatures
  A dart slug (D:1)
  3 orcs (D:2)
  5 ball pythons (D:1)
  4 endoplasms (D:1)
  2 giant cockroaches (D:1)
  3 goblins (D:1)
  4 hobgoblins
  A quokka (D:1)
  A bat (D:1)
  A kobold (D:1)
  A rat (D:1)
26 creatures vanquished.

Notes
Turn   | Place    | Note
-------+----------+-------------------------------------------
     0 | D:1      | qw the Naga Hunter began the quest for the Orb.
     0 | D:1      | Reached XP level 1. HP: 19/19 MP: 1/1
     0 | D:1      | 0 ||| qw: Version: 0.2-a-29-gc1b59c4
     0 | D:1      | 0 ||| qw: Game counter: 4529
     0 | D:1      | 0 ||| qw: Always use a shield: true
     0 | D:1      | 0 ||| qw: God list: Okawaru
     0 | D:1      | 0 ||| qw: Allow faded altars: false
     0 | D:1      | 0 ||| qw: Do Orc after D:15 true
     0 | D:1      | 0 ||| qw: Do second Lair branch before Depths: true
     0 | D:1      | 0 ||| qw: Lair rune preference: random
     0 | D:1      | 0 ||| qw: Plans: Normal
     0 | D:1      | 0 ||| PLANNING D:1-11
    16 | D:1      | 16 ||| INVOKING Spit Poison.
    19 | D:1      | 19 ||| INVOKING Spit Poison.
    48 | D:1      | 48 ||| INVOKING Spit Poison.
    96 | D:1      | 96 ||| INVOKING Spit Poison.
   169 | D:1      | 169 ||| INVOKING Spit Poison.
   185 | D:1      | 185 ||| INVOKING Spit Poison.
   187 | D:1      | Reached skill level 4 in Ranged Weapons
   187 | D:1      | Reached XP level 2. HP: 26/26 MP: 2/2
   191 | D:1      | 191 ||| INVOKING Spit Poison.
   258 | D:1      | 258 ||| INVOKING Spit Poison.
   312 | D:1      | 312 ||| INVOKING Spit Poison.
   333 | D:1      | 333 ||| INVOKING Spit Poison.
   513 | D:1      | 513 ||| INVOKING Spit Poison.
   683 | D:1      | 683 ||| INVOKING Spit Poison.
   687 | D:1      | 687 ||| INVOKING Spit Poison.
   689 | D:1      | Reached XP level 3. HP: 29/32 MP: 3/3
   710 | D:1      | 710 ||| INVOKING Spit Poison.
   713 | D:1      | 713 ||| INVOKING Spit Poison.
   737 | D:1      | 737 ||| UPGRADING to amulet of reflection.
   742 | D:1      | 742 ||| READING scroll labelled GIOXTA FUSHU.
   743 | D:1      | 743 ||| READING 2 scrolls labelled MIGRABULED.
   744 | D:1      | 744 ||| DROPPING scroll of butterflies.
   816 | D:2      | 816 ||| INVOKING Spit Poison.
   823 | D:2      | 823 ||| INVOKING Spit Poison.
   830 | D:2      | 830 ||| INVOKING Spit Poison.
   835 | D:2      | 835 ||| INVOKING Spit Poison.
   838 | D:2      | 838 ||| INVOKING Spit Poison.
   841 | D:2      | 841 ||| INVOKING Spit Poison.
   853 | D:2      | 853 ||| INVOKING Spit Poison.
   858 | D:2      | HP: 7/32 [orc wizard/magic dart (11)]
   859 | D:2      | 859 ||| INVOKING Spit Poison.
   859 | D:2      | HP: 3/32 [orc wizard/+0 dagger (4)]
   860 | D:2      | HP: 1/32 [orc wizard/+0 dagger (3)]
   861 | D:2      | Slain by an orc wizard

Levels and vault maps discovered:
D:1:      ldierk_walled_garden, layout_basic, serial_bayou_lagoon_a,
          minmay_misc_feat_enclosed
D:2:      layout_loops_cross, uniq_crazy_yiuf_cottage

Skill      XL: |  1 |
---------------+----+-----
Ranged Weapons | 4 |  4.6
Fighting       | |  2.0
Dodging        | |  1.5
Stealth        | |  1.5

Action                     || total
---------------------------++-------
   Fire: Shortbow          ||    49
Ability: Spit Poison       ||    23
    Use: Scroll            ||     2
 Armour: Leather armour    ||     4
  Dodge: Dodged            ||    18
  Block: Other             ||     7
         Reflection        ||     2

Table legend:
 A = Non-vault XP
 B = Vault XP
 C = Vault XP percentage of total XP
 D = Non-vault monster count
 E = Vault monster count
 F = Vault count percentage of total count
                 A         B        C        D         E       F
            +---------+---------+-------+---------+---------+-------
      Total |      53 |       0 |   0.0 |      26 |       0 |   0.0
            +---------+---------+-------+---------+---------+-------
        D:1 |      40 |       0 |   0.0 |      21 |       0 |   0.0
        D:2 |      13 |       0 |   0.0 |       5 |       0 |   0.0
            +---------+---------+-------+---------+---------+-------
